 Dungeon Crawl Stone Soup version 0.25-a0-544-gee0576305d (webtiles) character file.

Game seed: 3398420413285701007, levelgen mode: deterministic

0 Gargoyl the Skirmisher (level 1, 0/19 HPs)
             Began as a Centaur Abyssal Knight on Feb 20, 2020.
             Was a Follower of Lugonu.
             Slain by a quasit (1 damage)
             ... on level 2 of the Abyss.
             The game lasted 00:00:34 (235 turns).

Gargoyl the Skirmisher (Centaur Abyssal Knight)      Turns: 235, Time: 00:00:34

Health: 0/19       AC:  4    Str: 14      XL:     1   Next: 0%
Magic:  2/2        EV:  9    Int: 11      God:    Lugonu [*.....]
Gold:   12         SH:  0    Dex:  3 (8)  Spells: 0/0 levels left

rFire    . . .     SeeInvis .   a - +1 hand axe
rCold    . . .     Gourm    .   (no shield)
rNeg     . . .     Faith    .   b - +0 leather armour
rPois    .         Spirit   .   (no helmet)
rElec    .         Reflect  .   (no cloak)
rCorr    .         Harm     .   (no gloves)
MR       .....                  (no barding)
Stlth    ..........             (no amulet)
HPRegen  0.06/turn              (no ring)
MPRegen  0.08/turn              (no ring)

@: very quick
A: large, hooves 3, deformed body, speed 2, tough skin 3
a: Depart the Abyss, Renounce Religion


You were on level 2 of the Abyss.
You worshipped Lugonu.
Lugonu was aware of your devotion.
You were not hungry.

You visited 0 branches of the dungeon, and saw 0 of its levels.
You visited the Abyss 1 time.

You collected 12 gold pieces.

Inventory:

Hand Weapons
 a - a +1 hand axe (weapon)
Armour
 b - a +0 leather armour (worn)
Comestibles
 c - 2 rations


   Skills:
 + Level 3.0 Fighting
 + Level 1.7 Axes
 + Level 1.3 Armour
 + Level 0.6 Dodging
 + Level 2.0 Invocations


You couldn't memorise any spells.
You didn't know any spells.
Your spell library was empty.

Dungeon Overview and Level Annotations

Branches:
Dungeon (0/15)

Altars:


Innate Abilities, Weirdness & Mutations

You have hooves in place of feet.
Armour fits poorly on your strangely shaped body.
You cover ground very quickly.
You have extremely tough skin. (AC +3)


Message History

The quasit is severely wounded.
The quasit barely misses you. x3
You hit the quasit but do no damage. Your kick misses the quasit.
The quasit is severely wounded.
The quasit bites you.
* * * LOW HITPOINT WARNING * * *
The quasit closely misses you.
The quasit claws you but does no damage.
The quasit bites you but does no damage.
The quasit misses you. The quasit barely misses you.
You barely miss the quasit.
The quasit is severely wounded.
The quasit bites you but does no damage.
The quasit barely misses you. The quasit claws you.
* * * LOW HITPOINT WARNING * * *
You feel clumsy.
You closely miss the quasit.
The quasit is severely wounded.
The quasit closely misses you. The quasit claws you.
You die...

...#... #.##
.## #
##.####..###○#
# #.. . ##..#.
# ○## # .. °
#☼.E ○#.. # .
#☼##. . #..
#...○### .. .
### E....##.#
. ###5.#.#..#
# .. #@#.## #
≈# # ≈ ##5#.≈≈
# ≈ ##≈#≈ .. #
≈#.≈≈ ♣ ≈≈
.≈♣≈≈ .#...≈ .
#.## ... .
...# .


You could see a quasit.

Vanquished Creatures (others)
  A small abomination (Abyss:2)
1 creature vanquished.

Notes
Turn   | Place    | Note
-------+----------+-------------------------------------------
     0 | Abyss:1  | Gargoyl the Centaur Abyssal Knight began the quest for the
                  | Orb.
     0 | Abyss:1  | Reached XP level 1. HP: 19/19 MP: 2/2
   179 | Abyss:2  | Noticed a quasit
   184 | Abyss:2  | Noticed a fire elemental
   198 | Abyss:2  | Noticed an iron imp
   200 | Abyss:2  | Noticed a small abomination
   224 | Abyss:2  | Killed a small abomination
   235 | Abyss:2  | Slain by a quasit

Levels and vault maps discovered:
Abyss:2:  due_exit_kobolds, hangedman_eye_storm, hangedman_abyss_or_decor_stabs,
          hangedman_decor_lopped

Action                   || total
-------------------------++-------
Melee: Hand axe          ||    23
       Kick              ||     2
  Use: Scroll            ||     2
       Potion            ||     1
Armor: Leather armour    ||    59
Dodge: Dodged            ||    53

Table legend:
 A = Non-vault XP
 B = Vault XP
 C = Vault XP percentage of total XP
 D = Non-vault monster count
 E = Vault monster count
 F = Vault count percentage of total count
                 A         B        C        D         E       F
            +---------+---------+-------+---------+---------+-------
      Total |       0 |       0 |   N/A |       0 |       0 |  -nan
            +---------+---------+-------+---------+---------+-------
            +---------+---------+-------+---------+---------+-------
